 Dungeon Crawl Stone Soup version 0.29.1-12-g30fa7ad0bf (webtiles) character file.

Game seed: 11569331002164445017

39 sanboga the Charlatan (level 3, -1/27 HPs)
             Began as a Demonspawn Artificer on Dec 15, 2022.
             Slain by a kobold
             ... wielding the +9 dagger of Anwoaja {freeze, rN+}
              (5 damage)
             ... on level 2 of the Dungeon.
             The game lasted 00:02:31 (2118 turns).

sanboga the Charlatan (Demonspawn Artificer)        Turns: 2118, Time: 00:02:32

Health: -1/27      AC:  6    Str: 14    XL:     3   Next: 28%
Magic:  3/3        EV:  8    Int: 12    God:
Gold:   41         SH:  0    Dex: 13    Spells: 2/2 levels left

rFire   . . .      SeeInvis .     - Unarmed
rCold   . . .      Faith    .   (no shield)
rNeg    . . .      Spirit   .   b - +0 leather armour
rPois   .          Reflect  .   (no helmet)
rElec   .          Harm     .   (no cloak)
rCorr   .          Rampage  .   (no gloves)
Will    .....                   i - +0 pair of boots
Stlth   +.........              (no amulet)
HPRegen 0.09/turn               (no ring)
MPRegen 0.08/turn               (no ring)

@: constricted
A: rugged brown scales 2
a: no special abilities


You were on level 2 of the Dungeon.
You visited 1 branch of the dungeon, and saw 2 of its levels.

You collected 41 gold pieces.

Inventory:

Armour
 b - a +0 leather armour (worn)
 i - a +0 pair of boots (worn)
Wands
 c - a wand of flame (11) (quivered)
 d - a wand of charming (15)
 e - a wand of iceblast (5)
Scrolls
 a - a scroll of identify {unknown}
 f - 4 scrolls of enchant armour {unknown}
 g - a scroll of teleportation {unknown}
 j - 3 scrolls of noise {unknown}
 k - a scroll of fear {unknown}
Potions
 h - a potion of attraction {unknown}


   Skills:
 + Level 1.6 Fighting
 + Level 2.1 Armour
 - Level 0.8 Dodging
 - Level 0.8 Stealth
 * Level 1.6 Unarmed Combat
 + Level 3.2 Evocations


You had 2 spell levels left.
You didn't know any spells.
Your spell library was empty.

Dungeon Overview and Level Annotations

Branches:
Dungeon (2/15)

Altars:


Innate Abilities, Weirdness & Mutations

You are mostly covered in rugged brown scales. (AC +2, +5% HP)


Message History

No target in view!
No target in view!
No target in view!
No target in view!
A kobold comes into view.
It is wielding the +9 dagger of Anwoaja {freeze, rN+}.
The kobold shouts!
A ball python comes into view.
There are monsters nearby!
There are monsters nearby!
The ball python hisses angrily.
Okay, then.
A bat comes into view.
The bat moves out of view.
The ball python closely misses you. The ball python grabs you.
The ball python constricts you.
You hit the kobold.
The kobold is moderately wounded.
The ball python barely misses you. The ball python constricts you.
The kobold hits you with the +9 dagger of Anwoaja {freeze, rN+}!
The kobold freezes you.
You hit the kobold but do no damage.
The kobold is moderately wounded.
The bat hits you but does no damage.
The ball python bites you but does no damage.
The ball python constricts you.
The kobold hits you with the +9 dagger of Anwoaja {freeze, rN+}.
* * * LOW HITPOINT WARNING * * *
The kobold freezes you.
* * * LOW HITPOINT WARNING * * *
You closely miss the kobold.
The kobold is moderately wounded.
The bat barely misses you. The ball python bites you.
* * * LOW HITPOINT WARNING * * *
The ball python constricts you. The kobold barely misses you.
The ball python barely misses you. The ball python constricts you.
You closely miss the kobold.
The kobold is moderately wounded.
The bat hits you but does no damage.
The kobold hits you with the +9 dagger of Anwoaja {freeze, rN+}.
You die...

###.......####...##########.#
####....#.....## #..
####.......############.
#....................
#.......#############
#.#.##### #.. #.#..# ##.#
#.##.### #[.# #.##@K.# #.#.
#.#.Sb..# #...... .........#
........
##..........#.)......
#.........##.(......
.......#.###........
###.....#.# #####.### .......
# ..


You could see a bat, a ball python and a kobold.

Vanquished Creatures
  An adder (D:2)
  A worm (D:2)
  A dart slug (D:2)
  4 endoplasms
  2 giant cockroaches
  2 goblins (D:2)
  3 hobgoblins
  2 ball pythons
  2 bats
  A frilled lizard (D:1)
  2 kobolds (D:1)
  4 rats
25 creatures vanquished.

Notes
Turn   | Place    | Note
-------+----------+-------------------------------------------
     0 | D:1      | sanboga the Demonspawn Artificer began the quest for the
                  | Orb.
     0 | D:1      | Reached XP level 1. HP: 15/15 MP: 1/1
   382 | D:1      | Found a faded altar of an unknown god.
   589 | D:1      | Gained mutation: You are partially covered in rugged brown
                  | scales. (AC +1, +3% HP) [demonic ancestry]
   589 | D:1      | Reached XP level 2. HP: 8/21 MP: 2/2
   950 | D:1      | Reached skill level 1 in Unarmed Combat
  1724 | D:2      | Gained mutation: You are mostly covered in rugged brown
                  | scales. (AC +2, +5% HP) [demonic ancestry]
  1724 | D:2      | Reached XP level 3. HP: 8/27 MP: 3/3
  1819 | D:2      | Identified the +12 rapier of Pain and Death {pain, Drain
                  | Str+8 Dex+2}
  2110 | D:2      | Identified the +9 dagger of Anwoaja {freeze, rN+}
  2118 | D:2      | Slain by a kobold

Illustrated notes

Levels and vault maps discovered:
D:1:      giann_bridges, layout_loops_ring, basic_ecumenical_altar,
          kennysheep_minor_cross
D:2:      layout_rooms, basic_altar

Skill      XL: |  1  2 |
---------------+-------+-----
Armour         | 2 |  2.1
Unarmed Combat | 1 |  1.6
Fighting       | |  1.6
Dodging        | |  0.8
Stealth        | |  0.8
Evocations     | |  3.2

Action                   || total
-------------------------++-------
Melee: Unarmed           ||   153
       Punch             ||     4
Evoke: Wand              ||     4
 Stab: Sleeping          ||     4
Armor: Leather armour    ||    69
Dodge: Dodged            ||   118
